PA
YELLOWKNIFE DRAGONBLOOD @ ATHLETIC CLUB KC U-21
07/12/2024
 
TOP OF THE 1ST
Yellowknife Dragonblood batting - Pitching for Athletic Club KC U-21 : LHP Salbatore Alejos
Pitching: LHP Salbatore Alejos
Batting: RHB Andrés Escobar 0-0: Called Strike
0-1: Foul Ball, location: 2F
0-2: Strikes out swinging
Batting: RHB Jesús Ortíz 0-0: SINGLE (Groundball, 3L)
Batting: SHB Zachary Burriss 0-0: Called Strike
0-1: Ball
1-1: Foul Ball, location: 2F
1-2: Ground out 4-3 (Groundball, 4M)
Jesús Ortíz to second
Batting: RHB Rodriguo Condea 0-0: Foul Ball, location: 2F
0-1: Ball
1-1: Ball
2-1: Foul Ball, location: 2F
2-2: Strikes out looking
Top of the 1st over - 0 run(s), 1 hit(s), 0 error(s), 1 left on base; Yellowknife 0 - Athletic Club KC 0
BOTTOM OF THE 1ST
Athletic Club KC U-21 batting - Pitching for Yellowknife Dragonblood : RHP Kelsey MacGillivary
Pitching: RHP Kelsey MacGillivary
Batting: RHB Wilfred Fuller 0-0: Ball
1-0: Called Strike
1-1: Called Strike
1-2: Ball
2-2: Ball
3-2: Base on Balls
Batting: RHB Ricardo Torres 0-0: Foul Ball, location: 2F
0-1: Ball
1-1: Swinging Strike
1-2: Fly out, F9 (Flyball, 9S)
Batting: LHB Tony García 0-0: Foul Ball, location: 2F
0-1: Foul Ball, location: 2F
0-2: Strikes out swinging
Batting: SHB Sang-your Yu 0-0: Foul Ball, location: 2F
0-1: DOUBLE (Flyball, 89M)
Wilfred Fuller to third
Runner from 3rd tries for Home, SAFE, no throw or cutoff
Batting: RHB Pedro Solís 0-0: Ground out 6-3 (Groundball, 56)
Bottom of the 1st over - 1 run(s), 1 hit(s), 0 error(s), 1 left on base; Yellowknife 0 - Athletic Club KC 1
TOP OF THE 2ND
Yellowknife Dragonblood batting - Pitching for Athletic Club KC U-21 : LHP Salbatore Alejos
Batting: RHB Martín Alejadre 0-0: Called Strike
0-1: Ball
1-1: Called Strike
1-2: Ball
2-2: Ball
3-2: Strikes out swinging
Batting: RHB Jim Sherman 0-0: Ball
1-0: Ball
2-0: Foul Ball, location: 2F
2-1: Ball
3-1: Foul Ball, location: 2F
3-2: Base on Balls
Batting: RHB Arturo Sánchez 0-0: Called Strike
0-1: Ball
1-1: SINGLE (Line Drive, 34D)
Jim Sherman to second
Runner from 2nd tries for 3rd, SAFE, no throw or cutoff
Batting: LHB Jon Baxter 0-0: Ball
1-0: Called Strike
1-1: Swinging Strike
1-2: Strikes out swinging
Arturo Sánchez steals 2nd base
Batter strikes out.
Batting: RHB Jason Compton 0-0: Ball
1-0: Ball
2-0: Foul Ball, location: 2F
2-1: Fly out, F8 (Line Drive, 8LS)
Top of the 2nd over - 0 run(s), 1 hit(s), 0 error(s), 2 left on base; Yellowknife 0 - Athletic Club KC 1
BOTTOM OF THE 2ND
Athletic Club KC U-21 batting - Pitching for Yellowknife Dragonblood : RHP Kelsey MacGillivary
Batting: RHB Altifício Azor 0-0: Ball
1-0: Foul Ball, location: 2F
1-1: Called Strike
1-2: Ball
2-2: Strikes out looking
Batting: LHB Enrique Miranda 0-0: Called Strike
0-1: Foul Ball, location: 2F
0-2: Ball
1-2: SINGLE (Flyball, 6MD)
Batting: RHB Alfonso Ciucio 0-0: Called Strike
0-1: Swinging Strike
0-2: Ball
1-2: Ball
2-2: Foul Ball, location: 2F
2-2: SINGLE (Groundball, 4M)
Enrique Miranda to second
Enrique Miranda to third
Batting: RHB Andrés Medina 0-0: Called Strike
0-1: Swinging Strike
0-2: Foul Ball, location: 2F
0-2: Foul Ball, location: 2F
0-2: Foul Ball, location: 2F
0-2: Fly out, F3 (Popup, 3F)
Batting: RHB Wilfred Fuller 0-0: Fly out, F8 (Flyball, 8LM)
Bottom of the 2nd over - 0 run(s), 2 hit(s), 0 error(s), 2 left on base; Yellowknife 0 - Athletic Club KC 1
TOP OF THE 3RD
Yellowknife Dragonblood batting - Pitching for Athletic Club KC U-21 : LHP Salbatore Alejos
Batting: RHB Andrés Escobar 0-0: Ball
1-0: Fly out, F9 (Flyball, 9M)
Batting: RHB Jesús Ortíz 0-0: Ball
1-0: Foul Ball, location: 2F
1-1: SINGLE (Groundball, 4D)
Batting: SHB Zachary Burriss 0-0: Ball
1-0: Called Strike
1-1: Foul Ball, location: 2F
1-2: Ball
2-2: Fly out, F8 (Flyball, 8RM)
Batting: RHB Rodriguo Condea 0-0: Called Strike
0-1: Called Strike
0-2: Foul Ball, location: 2F
0-2: Ball
1-2: SINGLE (Line Drive, 9M)
Jesús Ortíz to second
Runner from 2nd tries for 3rd, SAFE, throw made to third
Batting: RHB Martín Alejadre 0-0: Called Strike
0-1: Ball
1-1: Ball
2-1: Fly out, F4 (Popup, 4)
Top of the 3rd over - 0 run(s), 2 hit(s), 0 error(s), 2 left on base; Yellowknife 0 - Athletic Club KC 1
BOTTOM OF THE 3RD
Athletic Club KC U-21 batting - Pitching for Yellowknife Dragonblood : RHP Kelsey MacGillivary
Batting: RHB Ricardo Torres 0-0: Called Strike
0-1: Ball
1-1: Foul Ball, location: 2F
1-2: Ball
2-2: Ball
3-2: Fly out, F1 (Popup, 15S)
Batting: LHB Tony García 0-0: Fly out, F5 (Popup, 5DF)
Batting: SHB Sang-your Yu 0-0: Reached on error, E4 (Groundball, 34)
Batting: RHB Pedro Solís 0-0: Ball
1-0: Swinging Strike
1-1: Ball
2-1: Called Strike
2-2: Ground out 6-3 (Groundball, 6)
Bottom of the 3rd over - 0 run(s), 0 hit(s), 1 error(s), 1 left on base; Yellowknife 0 - Athletic Club KC 1
TOP OF THE 4TH
Yellowknife Dragonblood batting - Pitching for Athletic Club KC U-21 : LHP Salbatore Alejos
Batting: RHB Jim Sherman 0-0: Foul Ball, location: 2F
0-1: Foul Ball, location: 2F
0-2: Hit by Pitch
Batting: RHB Arturo Sánchez 0-0: Called Strike
0-1: Fly out, F9 (Flyball, 9M)
Batting: LHB Jon Baxter 0-0: Foul Ball, location: 2F
0-1: DOUBLE (Line Drive, 9LM)
Jim Sherman to third
Batting: RHB Jason Compton 0-0: Ground out 5-3 (Groundball, 5S)
Batting: RHB Andrés Escobar 0-0: 3-RUN HOME RUN (Line Drive, 8LXD), Distance : 443 ft
Batting: RHB Jesús Ortíz 0-0: Called Strike
0-1: Swinging Strike
0-2: Strikes out looking
Top of the 4th over - 3 run(s), 2 hit(s), 0 error(s), 0 left on base; Yellowknife 3 - Athletic Club KC 1
BOTTOM OF THE 4TH
Athletic Club KC U-21 batting - Pitching for Yellowknife Dragonblood : RHP Kelsey MacGillivary
Batting: RHB Altifício Azor 0-0: Swinging Strike
0-1: SINGLE (Groundball, 6M)
Batting: LHB Enrique Miranda 0-0: Grounds into double play, 6-4-3 (Groundball, 6)
Batting: RHB Alfonso Ciucio 0-0: Foul Ball, location: 2F
0-1: Ball
1-1: Called Strike
1-2: Foul Ball, location: 2F
1-2: Foul Ball, location: 2F
1-2: Ball
2-2: Ball
3-2: Foul Ball, location: 2F
3-2: Base on Balls
Batting: RHB Andrés Medina 0-0: Fly out, F6 (Popup, 56D)
Bottom of the 4th over - 0 run(s), 1 hit(s), 0 error(s), 1 left on base; Yellowknife 3 - Athletic Club KC 1
TOP OF THE 5TH
Yellowknife Dragonblood batting - Pitching for Athletic Club KC U-21 : LHP Salbatore Alejos
Batting: SHB Zachary Burriss 0-0: Swinging Strike
0-1: Called Strike
0-2: Foul Ball, location: 2F
0-2: Ground out 6-3 (Groundball, 6M)
Batting: RHB Rodriguo Condea 0-0: Foul Ball, location: 2F
0-1: Ball
1-1: SINGLE (Line Drive, 78S)
Batting: RHB Martín Alejadre 0-0: Swinging Strike
0-1: SINGLE (Groundball, 34S)
Rodriguo Condea to second
Runner from 2nd tries for 3rd, SAFE, throw made to third
Batting: RHB Jim Sherman 0-0: Ball
1-0: Called Strike
Martín Alejadre steals 2nd base
1-1: Ball
2-1: SINGLE (Groundball, 56D)
Rodriguo Condea scores
Martín Alejadre to third
Runner from 3rd tries for Home, SAFE, no throw or cutoff
Batting: RHB Arturo Sánchez 0-0: Ball
1-0: Foul Ball, location: 2F
1-1: Ball
2-1: Fly out, F3 (Popup, 3F)
Batting: LHB Jon Baxter 0-0: Ball
1-0: Ball
2-0: Called Strike
2-1: SINGLE (Groundball, 4M)
Jim Sherman to second
Pitching: LHP Andrew Sprowle
Batting: RHB Jason Compton 0-0: Called Strike
0-1: Ball
1-1: Called Strike
1-2: Ball
2-2: Strikes out swinging
Top of the 5th over - 2 run(s), 4 hit(s), 0 error(s), 2 left on base; Yellowknife 5 - Athletic Club KC 1
BOTTOM OF THE 5TH
Athletic Club KC U-21 batting - Pitching for Yellowknife Dragonblood : RHP Kelsey MacGillivary
Batting: RHB Wilfred Fuller 0-0: Foul Ball, location: 2F
0-1: Swinging Strike
0-2: Strikes out swinging
Batting: RHB Ricardo Torres 0-0: Ball
1-0: Swinging Strike
1-1: Foul Ball, location: 2F
1-2: Ball
2-2: DOUBLE (Flyball, 9LM)
Batting: LHB Tony García 0-0: Ball
1-0: Foul Ball, location: 2F
1-1: Ball
2-1: DOUBLE (Flyball, 7LM)
Ricardo Torres scores
Batting: SHB Sang-your Yu 0-0: Called Strike
0-1: Ground out 3-1 (Groundball, 34)
Tony García to third
Batting: RHB Pedro Solís 0-0: Swinging Strike
0-1: Ball
1-1: Ball
2-1: Ball
3-1: Called Strike
3-2: Foul Ball, location: 2F
3-2: Base on Balls
Batting: RHB Altifício Azor 0-0: Foul Ball, location: 2F
0-1: Swinging Strike
0-2: Fly out, F9 (Line Drive, 89M)
Bottom of the 5th over - 1 run(s), 2 hit(s), 0 error(s), 2 left on base; Yellowknife 5 - Athletic Club KC 2
TOP OF THE 6TH
Yellowknife Dragonblood batting - Pitching for Athletic Club KC U-21 : LHP Andrew Sprowle
Batting: RHB Andrés Escobar 0-0: Ball
1-0: Swinging Strike
1-1: Swinging Strike
1-2: Ball
2-2: Foul Ball, location: 2F
2-2: Strikes out swinging
Batting: RHB Jesús Ortíz 0-0: Ball
1-0: Ball
2-0: Foul Ball, location: 2F
2-1: Ball
3-1: Foul Ball, location: 2F
3-2: SINGLE (Line Drive, 34)
Batting: SHB Zachary Burriss 0-0: Ball
1-0: Foul Ball, location: 2F
1-1: Ball
2-1: Called Strike
2-2: Strikes out swinging
Batting: RHB Rodriguo Condea 0-0: Ball
1-0: Fly out, F6 (Line Drive, 6)
Top of the 6th over - 0 run(s), 1 hit(s), 0 error(s), 1 left on base; Yellowknife 5 - Athletic Club KC 2
BOTTOM OF THE 6TH
Athletic Club KC U-21 batting - Pitching for Yellowknife Dragonblood : RHP Kelsey MacGillivary
Batting: LHB Enrique Miranda 0-0: Called Strike
0-1: Ball
1-1: Swinging Strike
1-2: Strikes out looking
Pitching: RHP José Montalópez
Batting: RHB Alfonso Ciucio 0-0: Ball
1-0: Foul Ball, location: 2F
1-1: Called Strike
1-2: Fly out, F9 (Flyball, 9M)
Batting: RHB Andrés Medina 0-0: Fly out, F8 (Line Drive, 8LS)
Bottom of the 6th over - 0 run(s), 0 hit(s), 0 error(s), 0 left on base; Yellowknife 5 - Athletic Club KC 2
TOP OF THE 7TH
Yellowknife Dragonblood batting - Pitching for Athletic Club KC U-21 : LHP Andrew Sprowle
Batting: RHB Martín Alejadre 0-0: Called Strike
0-1: Called Strike
0-2: Foul Ball, location: 2F
0-2: Foul Ball, location: 2F
0-2: Ball
1-2: Fly out, F8 (Flyball, 8LM)
Batting: RHB Jim Sherman 0-0: Ball
1-0: Called Strike
1-1: Called Strike
1-2: Strikes out swinging
Batting: RHB Arturo Sánchez 0-0: Ball
1-0: Called Strike
1-1: DOUBLE (Line Drive, 9LS)
Batting: LHB Jon Baxter 0-0: Ball
1-0: Swinging Strike
1-1: Swinging Strike
1-2: Ball
2-2: Ball
3-2: Strikes out swinging
Top of the 7th over - 0 run(s), 1 hit(s), 0 error(s), 1 left on base; Yellowknife 5 - Athletic Club KC 2
BOTTOM OF THE 7TH
Athletic Club KC U-21 batting - Pitching for Yellowknife Dragonblood : RHP José Montalópez
Batting: RHB Wilfred Fuller 0-0: Ground out 6-3 (Groundball, 6)
Batting: RHB Ricardo Torres 0-0: Ball
1-0: Reached on Error, E3 (Popup, 34)
Batting: LHB Tony García 0-0: Ball
1-0: Ball
2-0: Ball
3-0: Called Strike
3-1: Fly out, F7 (Flyball, 7M)
Batting: SHB Sang-your Yu 0-0: Swinging Strike
0-1: Ball
1-1: Swinging Strike
1-2: SINGLE (Groundball, 34)
Ricardo Torres to second
Throwing error, E9
Ricardo Torres scores
Sang-your Yu to second
Batting: RHB Pedro Solís 0-0: Ball
1-0: Ball
2-0: SINGLE (Line Drive, 78S)
Sang-your Yu to third
Runner from 3rd tries for Home, SAFE, throw made home
Pedro Solís to second
Pitching: LHP Corbin Jameson
Batting: RHB Altifício Azor 0-0: Ball
1-0: Ball
2-0: Ball
Wild Pitch!
Pedro Solís to third
3-0: Called Strike
3-1: Ground out 4-3 (Groundball, 4)
Bottom of the 7th over - 2 run(s), 2 hit(s), 2 error(s), 1 left on base; Yellowknife 5 - Athletic Club KC 4
TOP OF THE 8TH
Yellowknife Dragonblood batting - Pitching for Athletic Club KC U-21 : LHP Andrew Sprowle
Batting: RHB Jason Compton 0-0: Ball
1-0: Called Strike
1-1: Foul Ball, location: 2F
1-2: Strikes out swinging
Batting: RHB Andrés Escobar 0-0: Called Strike
0-1: Ball
1-1: Ball
2-1: Called Strike
2-2: Strikes out swinging
Pitching: RHP Ramón Márquez
Batting: RHB Jesús Ortíz 0-0: Swinging Strike
0-1: Ball
1-1: Foul Ball, location: 2F
1-2: Foul Ball, location: 2F
1-2: Ball
2-2: Strikes out looking
Top of the 8th over - 0 run(s), 0 hit(s), 0 error(s), 0 left on base; Yellowknife 5 - Athletic Club KC 4
BOTTOM OF THE 8TH
Athletic Club KC U-21 batting - Pitching for Yellowknife Dragonblood : LHP Corbin Jameson
Pitching: LHP Felipe Becerra
Batting: LHB Enrique Miranda 0-0: Swinging Strike
0-1: Ball
1-1: Swinging Strike
1-2: Ball
2-2: Foul Ball, location: 2F
2-2: Foul Ball, location: 2F
2-2: Strikes out looking
Pitching: RHP Héctor Silva
Batting: RHB Alfonso Ciucio 0-0: Ball
1-0: Ball
2-0: Ball
3-0: Called Strike
3-1: Base on Balls
Pinch Hitting: RHB Shintaro Yamada 0-0: DOUBLE (Flyball, 78XD)
Alfonso Ciucio to third
Pinch Hitting: LHB Jim Unknown 0-0: Ball
1-0: Ball
2-0: Ball
3-0: Base on Balls
Pinch Hitting: RHB Nathaniel Gault 0-0: Ball
1-0: Fly out, F7 (Flyball, 7S)
Pitching: LHP Jorge Sánchez
Batting: LHB Tony García 0-0: Fly out, F8 (Flyball, 78D)
Bottom of the 8th over - 0 run(s), 1 hit(s), 0 error(s), 3 left on base; Yellowknife 5 - Athletic Club KC 4
TOP OF THE 9TH
Yellowknife Dragonblood batting - Pitching for Athletic Club KC U-21 : RHP Ramón Márquez
Now at 2B: Arturo Sosa
Now in LF: Nathaniel Gault
Now in CF: Jim Unknown
Batting: SHB Zachary Burriss 0-0: Ball
1-0: SINGLE (Groundball, 34S)
Batting: RHB Rodriguo Condea 0-0: Ball
1-0: Foul Ball, location: 2F
1-1: Foul Ball, location: 2F
1-2: Ball
2-2: SINGLE (Line Drive, 56)
Zachary Burriss to second
Pinch Hitting: RHB Ron Morton 0-0: Ball
1-0: Foul Ball, location: 2F
1-1: Ball
2-1: Ball
3-1: Called Strike
3-2: Base on Balls
Zachary Burriss to third
Rodriguo Condea to second
Pinch Hitting: LHB Walter Frampton 0-0: Called Strike
0-1: SINGLE (Line Drive, 3D)
Zachary Burriss scores
Rodriguo Condea to third
Ron Morton to second
Batting: RHB Arturo Sánchez 0-0: Ball
1-0: Ball
2-0: Foul Ball, location: 2F
2-1: Foul Ball, location: 2F
2-2: Foul Ball, location: 2F
2-2: Ball
3-2: Base on Balls
Rodriguo Condea scores
Ron Morton to third
Walter Frampton to second
Batting: LHB Jon Baxter 0-0: Fly out, F8 (Line Drive, 8RM)
Runner from 3rd tags up, SCORES, no throw
Pitching: LHP Jesús Márquez
Batting: RHB Jason Compton 0-0: Ball
1-0: Ball
2-0: Ball
3-0: Base on Balls
Walter Frampton to third
Arturo Sánchez to second
Batting: RHB Andrés Escobar 0-0: Ball
1-0: Foul Ball, location: 2F
1-1: Swinging Strike
1-2: Strikes out swinging
Batting: RHB Jesús Ortíz 0-0: Ball
1-0: Swinging Strike
1-1: Swinging Strike
1-2: Strikes out swinging
Top of the 9th over - 3 run(s), 3 hit(s), 0 error(s), 3 left on base; Yellowknife 8 - Athletic Club KC 4
BOTTOM OF THE 9TH
Athletic Club KC U-21 batting - Pitching for Yellowknife Dragonblood : LHP Jorge Sánchez
Now at 1B: John O'Day
Now in LF: Ron Morton
Batting: SHB Sang-your Yu 0-0: Called Strike
0-1: Called Strike
0-2: DOUBLE (Flyball, 8RXD)
Batting: RHB Pedro Solís 0-0: Foul Ball, location: 2F
0-1: Fly out, F8 (Flyball, 8LM)
Batting: RHB Altifício Azor 0-0: Ground out 6-3 (Groundball, 6)
Batting: LHB Enrique Miranda 0-0: Ball
1-0: Called Strike
1-1: Ball
2-1: Swinging Strike
2-2: Ball
3-2: Strikes out swinging
Bottom of the 9th over - 0 run(s), 1 hit(s), 0 error(s), 1 left on base; Yellowknife 8 - Athletic Club KC 4
This league is powered by Out of the Park Baseball, the baseball management simulation game for PC, Mac and Linux
Monday, October 3rd, 2016 - OOTP Baseball 16.9 Build 39